| TOP OF THE 1ST |
|
Mississippi Braves batting - Pitching for Reading Fightin Phils : LHP Tim Lawson
|
|
Pitching: LHP Tim Lawson
|
|
|
Batting: RHB Hieronim Rutkowski
|
0-0: Swinging Strike 0-1: Ball 1-1: Ball 2-1: Called Strike 2-2: Ball 3-2: Foul Ball, location: 2F 3-2: Foul Ball, location: 2F 3-2: SINGLE (Line Drive, 78S, EV 106.2 MPH)
|
|
Batting: RHB Eddie McCoy
|
0-0: Foul Ball, location: 2F 0-1: Ball 1-1: Fly out, F7 (Flyball, 7D, EV 86.2 MPH)
|
|
Batting: LHB Art D'Ascenzo
|
0-0: Ball 1-0: Foul Ball, location: 2F 1-1: Ball 2-1: Swinging Strike 2-2: Foul Ball, location: 2F 2-2: Grounds into double play, U6-3 (Groundball, 4M, EV 82.5 MPH)
|
| Top of the 1st over - 0 runs, 1 hit, 0 errors, 0 left on base; Mississippi 0 - Reading 0 |
| BOTTOM OF THE 1ST |
|
Reading Fightin Phils batting - Pitching for Mississippi Braves : LHP Fred Kelly
|
|
Pitching: LHP Fred Kelly
|
|
|
Batting: RHB Alberto Ramirez
|
0-0: Called Strike 0-1: Ball 1-1: SINGLE (Groundball, 56S, EV 68.1 MPH) (infield hit)
|
|
Batting: RHB Greg Herzig
|
0-0: Called Strike 0-1: Ball 1-1: Foul Ball, location: 2F 1-2: Ball 2-2: Ball 3-2: Foul Ball, location: 2F 3-2: Foul Ball, location: 2F 3-2: DOUBLE (Line Drive, 5D, EV 96.9 MPH) Alberto Ramirez to third Alberto Ramirez scores
|
|
Batting: RHB Victor Arroyo
|
0-0: Called Strike 0-1: Ball 1-1: Foul Ball, location: 2F 1-2: Fly out, F9 (Flyball, 9LS, EV 88.8 MPH)
|
|
Batting: RHB David Clough
|
0-0: Foul Ball, location: 2F 0-1: Foul Ball, location: 2F 0-2: Foul Ball, location: 2F 0-2: Strikes out looking
|
|
Batting: RHB Mike Meeker
|
0-0: Ball 1-0: Foul Ball, location: 2F 1-1: Ball 2-1: Foul Ball, location: 2F 2-2: Foul Ball, location: 2F 2-2: Ball 3-2: Foul Ball, location: 2F 3-2: Strikes out swinging
|
| Bottom of the 1st over - 1 run, 2 hits, 0 errors, 1 left on base; Mississippi 0 - Reading 1 |
| TOP OF THE 2ND |
|
Mississippi Braves batting - Pitching for Reading Fightin Phils : LHP Tim Lawson
|
|
Batting: RHB Luis Restrepo
|
0-0: Ball 1-0: Ball 2-0: Swinging Strike 2-1: Ball 3-1: Base on Balls
|
|
Batting: RHB Tim Molchan
|
0-0: Ball Luis Restrepo is caught stealing 2nd base 2-4 1-0: Ball 2-0: Called Strike 2-1: Ground out 6-3 (Groundball, 6, EV 95.6 MPH)
|
|
Batting: SHB Jose Melendez
|
0-0: TRIPLE (Flyball, 78XD, EV 101.9 MPH)
|
|
Batting: RHB Justin Reich
|
0-0: SINGLE (Groundball, 6MD, EV 99.4 MPH) Jose Melendez scores
|
|
Batting: LHB Sal Fernandez
|
0-0: Ball 1-0: Foul Ball, location: 2F 1-1: Ball 2-1: SINGLE (Groundball, 4D, EV 103.8 MPH) Justin Reich to second Runner from 2nd tries for 3rd, SAFE, throw by CF made to third
|
|
Batting: RHB Elias Vences
|
0-0: Foul Ball, location: 2F 0-1: Foul Ball, location: 2F 0-2: SINGLE (Groundball, 6D, EV 94.4 MPH) Justin Reich scores Sal Fernandez to second
|
|
Batting: RHB Hieronim Rutkowski
|
0-0: Ball 1-0: Ball 2-0: Ball 3-0: Called Strike 3-1: Called Strike 3-2: Base on Balls Sal Fernandez to third Elias Vences to second
|
|
Batting: RHB Eddie McCoy
|
0-0: Called Strike 0-1: Foul Ball, location: 2F 0-2: Fly out, F8 (Flyball, 8LXD, EV 96.2 MPH)
|
| Top of the 2nd over - 2 runs, 4 hits, 0 errors, 3 left on base; Mississippi 2 - Reading 1 |
| BOTTOM OF THE 2ND |
|
Reading Fightin Phils batting - Pitching for Mississippi Braves : LHP Fred Kelly
|
|
Batting: RHB Mike Bell
|
0-0: Ball 1-0: Ball 2-0: Ball 3-0: DOUBLE (Line Drive, 78M, EV 93.1 MPH)
|
|
Batting: SHB Marco de Leon
|
0-0: Ground out 5-3 (Groundball, 56, EV 85.6 MPH)
|
|
Batting: RHB Jake Cox
|
0-0: Ball 1-0: Swinging Strike 1-1: Ball 2-1: Ball 3-1: Base on Balls
|
|
Batting: RHB Victor Arias
|
0-0: Called Strike 0-1: Swinging Strike 0-2: Foul Ball, location: 2F 0-2: Ball 1-2: Ball 2-2: Fielders Choice at 2nd, 4-6 (Groundball, 4, EV 76.9 MPH) Mike Bell to third
|
|
Batting: RHB Alberto Ramirez
|
0-0: Called Strike 0-1: Ball 1-1: Swinging Strike 1-2: Ball 2-2: Strikes out swinging
|
| Bottom of the 2nd over - 0 runs, 1 hit, 0 errors, 2 left on base; Mississippi 2 - Reading 1 |
| TOP OF THE 3RD |
|
Mississippi Braves batting - Pitching for Reading Fightin Phils : LHP Tim Lawson
|
|
Batting: LHB Art D'Ascenzo
|
0-0: Called Strike 0-1: Ball 1-1: Ball 2-1: Swinging Strike 2-2: Foul Ball, location: 2F 2-2: Ball 3-2: Foul Ball, location: 2F 3-2: SINGLE (Groundball, 34S, EV 72.5 MPH) (infield hit)
|
|
Batting: RHB Luis Restrepo
|
0-0: Called Strike 0-1: Fielders Choice at 2nd, 6-4 (Groundball, 6, EV 82.5 MPH)
|
|
Batting: RHB Tim Molchan
|
0-0: Ball 1-0: Called Strike Luis Restrepo steals 2nd base 1-1: Foul Ball, location: 2F 1-2: Strikes out looking
|
|
Batting: SHB Jose Melendez
|
0-0: Foul Ball, location: 2F 0-1: Foul Ball, location: 2F 0-2: Strikes out looking
|
| Top of the 3rd over - 0 runs, 1 hit, 0 errors, 1 left on base; Mississippi 2 - Reading 1 |
| BOTTOM OF THE 3RD |
|
Reading Fightin Phils batting - Pitching for Mississippi Braves : LHP Fred Kelly
|
|
Batting: RHB Greg Herzig
|
0-0: Ball 1-0: Ball 2-0: Called Strike 2-1: Ball 3-1: Called Strike 3-2: Foul Ball, location: 2F 3-2: Base on Balls
|
|
Batting: RHB Victor Arroyo
|
0-0: Ball 1-0: Ball 2-0: Foul Ball, location: 2F 2-1: Ball 3-1: Foul Ball, location: 2F 3-2: Fly out, F7 (Flyball, 7D, EV 79.4 MPH)
|
|
Batting: RHB David Clough
|
0-0: Ball 1-0: Ball 2-0: Called Strike 2-1: Ball 3-1: Base on Balls Greg Herzig to second
|
|
Batting: RHB Mike Meeker
|
0-0: Called Strike 0-1: Called Strike 0-2: Ball 1-2: Foul Ball, location: 2F 1-2: Ball 2-2: Fielders Choice at 2nd, 1-6 (Groundball, 13S, EV 67.5 MPH) Greg Herzig to third
|
|
Batting: RHB Mike Bell
|
0-0: Ball 1-0: Foul Ball, location: 2F 1-1: Foul Ball, location: 2F 1-2: Strikes out swinging
|
| Bottom of the 3rd over - 0 runs, 0 hits, 0 errors, 2 left on base; Mississippi 2 - Reading 1 |
| TOP OF THE 4TH |
|
Mississippi Braves batting - Pitching for Reading Fightin Phils : LHP Tim Lawson
|
|
Batting: RHB Justin Reich
|
0-0: Ball 1-0: Foul Ball, location: 2F 1-1: SINGLE (Groundball, 4D, EV 96.9 MPH)
|
|
Batting: LHB Sal Fernandez
|
0-0: Called Strike Justin Reich steals 2nd base 0-1: Foul Ball, location: 2F 0-2: Ball 1-2: Ball 2-2: Ball 3-2: Fly out, F7 (Flyball, 7, EV 93.8 MPH)
|
|
Batting: RHB Elias Vences
|
0-0: Called Strike 0-1: Ground out 5-3 (Groundball, 56S, EV 89.4 MPH)
|
|
Batting: RHB Hieronim Rutkowski
|
0-0: Ball 1-0: Called Strike 1-1: Called Strike 1-2: Foul Ball, location: 2F 1-2: Strikes out swinging
|
| Top of the 4th over - 0 runs, 1 hit, 0 errors, 1 left on base; Mississippi 2 - Reading 1 |
| BOTTOM OF THE 4TH |
|
Reading Fightin Phils batting - Pitching for Mississippi Braves : LHP Fred Kelly
|
|
Batting: SHB Marco de Leon
|
0-0: Ball 1-0: Foul Ball, location: 2F 1-1: Swinging Strike 1-2: Foul Ball, location: 2F 1-2: Fly out, F9 (Line Drive, 89M, EV 85.0 MPH)
|
|
Batting: RHB Jake Cox
|
0-0: Swinging Strike 0-1: Ball 1-1: Foul Ball, location: 2F 1-2: Ground out 5-3 (Groundball, 56, EV 101.9 MPH)
|
|
Batting: RHB Victor Arias
|
0-0: Foul Ball, location: 2F 0-1: Swinging Strike 0-2: Ball 1-2: Ball 2-2: Ball 3-2: Strikes out looking
|
| Bottom of the 4th over - 0 runs, 0 hits, 0 errors, 0 left on base; Mississippi 2 - Reading 1 |
| TOP OF THE 5TH |
|
Mississippi Braves batting - Pitching for Reading Fightin Phils : LHP Tim Lawson
|
|
Batting: RHB Eddie McCoy
|
0-0: Ball 1-0: Foul Ball, location: 2F 1-1: SOLO HOME RUN (Flyball, 7LD, EV 92.5 MPH), Distance : 350 ft
|
|
Batting: LHB Art D'Ascenzo
|
0-0: Ball 1-0: Ball 2-0: Called Strike 2-1: Foul Ball, location: 2F 2-2: Foul Ball, location: 2F 2-2: Foul Ball, location: 2F 2-2: Strikes out swinging
|
|
Batting: RHB Luis Restrepo
|
0-0: Foul Ball, location: 2F 0-1: Swinging Strike 0-2: Strikes out swinging
|
|
Batting: RHB Tim Molchan
|
0-0: Ball 1-0: Foul Ball, location: 2F 1-1: Ball 2-1: SINGLE (Groundball, 6MD, EV 105.6 MPH)
|
|
Pitching: RHP Seizaburo Takahashi
|
|
|
Batting: SHB Jose Melendez
|
0-0: Ground out 6-3 (Groundball, P, EV 83.1 MPH)
|
| Top of the 5th over - 1 run, 2 hits, 0 errors, 1 left on base; Mississippi 3 - Reading 1 |
| BOTTOM OF THE 5TH |
|
Reading Fightin Phils batting - Pitching for Mississippi Braves : LHP Fred Kelly
|
|
Batting: RHB Alberto Ramirez
|
0-0: Fly out, F9 (Flyball, 9D, EV 82.5 MPH)
|
|
Batting: RHB Greg Herzig
|
0-0: Called Strike 0-1: Foul Ball, location: 2F 0-2: Ball 1-2: DOUBLE (Groundball, 5L, EV 97.5 MPH)
|
|
Batting: RHB Victor Arroyo
|
0-0: Ball 1-0: Foul Ball, location: 2F 1-1: SINGLE (Groundball, P, EV 80.6 MPH) (infield hit) Greg Herzig to third
|
|
Batting: RHB David Clough
|
0-0: Called Strike 0-1: Foul Ball, location: 2F 0-2: Strikes out swinging
|
|
Pitching: RHP Chris Hawkins
|
|
|
Batting: RHB Mike Meeker
|
0-0: Ball 1-0: Ball 2-0: Foul Ball, location: 2F 2-1: Fielders Choice at 2nd, 5-4 (Groundball, 56, EV 106.9 MPH)
|
| Bottom of the 5th over - 0 runs, 2 hits, 0 errors, 2 left on base; Mississippi 3 - Reading 1 |
| TOP OF THE 6TH |
|
Mississippi Braves batting - Pitching for Reading Fightin Phils : RHP Seizaburo Takahashi
|
|
Batting: RHB Justin Reich
|
0-0: Ball 1-0: Ball 2-0: Ball 3-0: Called Strike 3-1: Base on Balls
|
|
Batting: LHB Sal Fernandez
|
0-0: Swinging Strike 0-1: Ball 1-1: Called Strike 1-2: Grounds into double play, U6-3 (Groundball, 4M, EV 82.5 MPH)
|
|
Batting: RHB Elias Vences
|
0-0: Called Strike 0-1: Ball 1-1: Called Strike 1-2: Strikes out swinging
|
| Top of the 6th over - 0 runs, 0 hits, 0 errors, 0 left on base; Mississippi 3 - Reading 1 |
| BOTTOM OF THE 6TH |
|
Reading Fightin Phils batting - Pitching for Mississippi Braves : RHP Chris Hawkins
|
|
Batting: RHB Mike Bell
|
0-0: Swinging Strike 0-1: Ball 1-1: Ball 2-1: Swinging Strike 2-2: Ball 3-2: Base on Balls
|
|
Batting: SHB Marco de Leon
|
0-0: Foul Ball, location: 2F 0-1: Ball 1-1: Foul Ball, location: 2F 1-2: Strikes out swinging
|
|
Batting: RHB Jake Cox
|
0-0: Ball 1-0: Ball Mike Bell steals 2nd base 2-0: Ball 3-0: Called Strike 3-1: Called Strike 3-2: Base on Balls
|
|
Batting: RHB Victor Arias
|
0-0: Ball 1-0: Foul Ball, location: 2F 1-1: Called Strike 1-2: Ball 2-2: Strikes out swinging
|
|
Batting: RHB Alberto Ramirez
|
0-0: Ball 1-0: Called Strike 1-1: Ball 2-1: Called Strike 2-2: Ball 3-2: Base on Balls Mike Bell to third Jake Cox to second
|
|
Batting: RHB Greg Herzig
|
0-0: Ball 1-0: Ball 2-0: Ball 3-0: Called Strike 3-1: Foul Ball, location: 2F 3-2: Strikes out swinging
|
| Bottom of the 6th over - 0 runs, 0 hits, 0 errors, 3 left on base; Mississippi 3 - Reading 1 |
| TOP OF THE 7TH |
|
Mississippi Braves batting - Pitching for Reading Fightin Phils : RHP Seizaburo Takahashi
|
|
Pitching: RHP Jonathan Beishline
|
|
|
Batting: RHB Hieronim Rutkowski
|
0-0: Called Strike 0-1: Ball 1-1: Called Strike 1-2: Ball 2-2: Foul Ball, location: 2F 2-2: Strikes out looking
|
|
Batting: RHB Eddie McCoy
|
0-0: Ground out 5-3 (Groundball, 15, EV 81.2 MPH)
|
|
Batting: LHB Art D'Ascenzo
|
0-0: Called Strike 0-1: Foul Ball, location: 2F 0-2: Ball 1-2: Foul Ball, location: 2F 1-2: Ball 2-2: Ball 3-2: Base on Balls
|
|
Batting: RHB Luis Restrepo
|
0-0: Called Strike 0-1: Foul Ball, location: 2F 0-2: Foul Ball, location: 2F 0-2: SINGLE (Groundball, 4M, EV 95.6 MPH) Art D'Ascenzo to second Runner from 2nd tries for 3rd, SAFE, throw by CF made to third
|
|
Batting: RHB Tim Molchan
|
0-0: Called Strike 0-1: Ball 1-1: Swinging Strike 1-2: Strikes out swinging
|
| Top of the 7th over - 0 runs, 1 hit, 0 errors, 2 left on base; Mississippi 3 - Reading 1 |
| BOTTOM OF THE 7TH |
|
Reading Fightin Phils batting - Pitching for Mississippi Braves : RHP Chris Hawkins
|
|
Pitching: LHP Jake Warwick
|
|
|
Now at 1B: Luis Restrepo
|
|
|
Now at 2B: Justin Reich
|
|
|
Now at 3B: Gerard Michel
|
|
|
Batting: RHB Victor Arroyo
|
0-0: Ball 1-0: Swinging Strike 1-1: Ball 2-1: Foul Ball, location: 2F 2-2: Strikes out swinging
|
|
Batting: RHB David Clough
|
0-0: Foul Ball, location: 2F 0-1: Foul Ball, location: 2F 0-2: Ball 1-2: SINGLE (Line Drive, 56D, EV 96.2 MPH)
|
|
Batting: RHB Mike Meeker
|
0-0: Ball 1-0: Ball 2-0: Ball 3-0: Base on Balls David Clough to second
|
|
Batting: RHB Mike Bell
|
0-0: Ball 1-0: Foul Ball, location: 2F 1-1: Ball 2-1: Swinging Strike 2-2: Foul Ball, location: 2F 2-2: Fly out, F7 (Flyball, 78M, EV 84.4 MPH)
|
|
Batting: SHB Marco de Leon
|
0-0: Ball 1-0: Foul Ball, location: 2F 1-1: Called Strike 1-2: Foul Ball, location: 2F 1-2: Fly out, F9 (Flyball, 9D, EV 103.1 MPH)
|
| Bottom of the 7th over - 0 runs, 1 hit, 0 errors, 2 left on base; Mississippi 3 - Reading 1 |
| TOP OF THE 8TH |
|
Mississippi Braves batting - Pitching for Reading Fightin Phils : RHP Jonathan Beishline
|
|
Pitching: RHP Andrew Giles
|
|
|
Batting: SHB Jose Melendez
|
0-0: Ball 1-0: Foul Ball, location: 2F 1-1: Ball 2-1: Ball 3-1: Base on Balls
|
|
Batting: RHB Justin Reich
|
0-0: Ball 1-0: Ball 2-0: Bunt missed! 2-1: Bunted foul 2-2: Strikes out swinging
|
|
Batting: LHB Sal Fernandez
|
0-0: Ball 1-0: Grounds into double play, 4-6-3 (Groundball, 4, EV 107.5 MPH)
|
| Top of the 8th over - 0 runs, 0 hits, 0 errors, 0 left on base; Mississippi 3 - Reading 1 |
| BOTTOM OF THE 8TH |
|
Reading Fightin Phils batting - Pitching for Mississippi Braves : LHP Jake Warwick
|
|
Batting: RHB Jake Cox
|
0-0: Ball 1-0: Called Strike 1-1: Ball 2-1: Fly out, F9 (Flyball, 9D, EV 95.6 MPH)
|
|
Batting: RHB Victor Arias
|
0-0: Swinging Strike 0-1: Called Strike 0-2: Ball 1-2: Ball 2-2: Strikes out looking
|
|
Batting: RHB Alberto Ramirez
|
0-0: Ball 1-0: Called Strike 1-1: Swinging Strike 1-2: Fly out, F8 (Flyball, 8LS, EV 80.0 MPH)
|
| Bottom of the 8th over - 0 runs, 0 hits, 0 errors, 0 left on base; Mississippi 3 - Reading 1 |
| TOP OF THE 9TH |
|
Mississippi Braves batting - Pitching for Reading Fightin Phils : RHP Andrew Giles
|
|
Batting: RHB Elias Vences
|
0-0: Called Strike 0-1: Hit by Pitch
|
|
Batting: RHB Hieronim Rutkowski
|
0-0: Bunted foul 0-1: Ball Elias Vences steals 2nd base 1-1: Intentional Walk
|
|
Batting: RHB Gerard Michel
|
0-0: Bunt - Flyout to 23! F3
|
|
Batting: LHB Art D'Ascenzo
|
0-0: Called Strike 0-1: Ball 1-1: Foul Ball, location: 2F 1-2: Foul Ball, location: 2F 1-2: Ball 2-2: Ball 3-2: Strikes out swinging
|
|
Batting: RHB Luis Restrepo
|
0-0: Ball 1-0: Swinging Strike 1-1: Ball 2-1: Ball 3-1: Foul Ball, location: 2F 3-2: Ground out 4-3 (Groundball, 4, EV 85.0 MPH)
|
| Top of the 9th over - 0 runs, 0 hits, 0 errors, 2 left on base; Mississippi 3 - Reading 1 |
| BOTTOM OF THE 9TH |
|
Reading Fightin Phils batting - Pitching for Mississippi Braves : LHP Jake Warwick
|
|
Pitching: RHP Gordon Cushing
|
|
|
Batting: RHB Greg Herzig
|
0-0: Ball 1-0: Foul Ball, location: 2F 1-1: Ball 2-1: Ball 3-1: Called Strike 3-2: Foul Ball, location: 2F 3-2: Strikes out looking
|
|
Batting: RHB Victor Arroyo
|
0-0: Called Strike 0-1: Ground out 6-3 (Groundball, 6M, EV 88.8 MPH)
|
|
Batting: RHB David Clough
|
0-0: Ball 1-0: SINGLE (Line Drive, 7S, EV 90.0 MPH)
|
|
Batting: RHB Mike Meeker
|
0-0: Called Strike 0-1: Ball 1-1: Ball 2-1: Foul Ball, location: 2F 2-2: Strikes out swinging
|
| Bottom of the 9th over - 0 runs, 1 hit, 0 errors, 1 left on base; Mississippi 3 - Reading 1 |
|